 Dungeon Crawl Stone Soup version 0.20.0-10-g0535bb4 (webtiles) character file.

79767 Lochraine the Lord of Darkness (level 15, -20/78 HPs)
             Began as a Vine Stalker Assassin on June 6, 2017.
             Was the Champion of Kikubaaqudgha.
             Demolished by a white ugly thing (26 damage)
             ... on level 14 of the Dungeon on June 7, 2017.
             The game lasted 01:47:28 (23042 turns).

Lochraine the Lord of Darkness (VSAs)              Turns: 23042, Time: 01:47:28

Health: -20/78     AC:  9    Str: 16    XL:     15   Next: 64%
Magic:  0/34       EV: 14    Int: 13    God:    Kikubaaqudgha [******]
Gold:   2207       SH:  0    Dex: 18    Spells: 6/27 levels left

rFire    . . .     SeeInvis +   a - staff of death
rCold    . . .     Gourm    +   (no shield)
rNeg     + . .     Faith    .   J - +0 troll leather armour
rPois    .         Spirit   +   s - +0 helmet
rElec    .         Reflect  .   d - +1 cloak
rCorr    .         Harm     .   h - +0 pair of gloves
MR       +....                  B - +2 pair of boots
Stlth    ++++......             r - amulet of the gourmand
Regen    2.5/turn               z - ring of see invisible
MPRegen  0.3/turn               Q - ring of magical power

@: corroded, regenerating (expiring)
A: fangs 3, regeneration 2, magic shield, antimagic bite, no potion heal 3, rot
immunity
a: Receive Corpses, Torment, Brand Weapon With Pain, Receive Necronomicon,
Renounce Religion


You were on level 14 of the Dungeon.
You worshipped Kikubaaqudgha.
Kikubaaqudgha was exalted by your worship.
You were very full.

You visited 4 branches of the dungeon, and saw 23 of its levels.
You also visited: Volcano.

You collected 2403 gold pieces.
You spent 196 gold pieces at shops.

Inventory:

Hand Weapons
 b - a +0 blowgun
 f - a +0 lajatang
   (You found it on level 11 of the Dungeon)
Missiles
 e - 79 poisoned needles
 F - 5 curare-tipped needles
 M - 3 needles of frenzy
 O - 3 throwing nets (quivered) {!f}
Armour
 d - a +1 cloak (worn)
 h - a +0 pair of gloves (worn)
   (You found it on level 1 of the Dungeon)
 s - a +0 helmet (worn)
   (You found it on level 4 of the Dungeon)
 B - a +2 pair of boots (worn)
   (You found it on level 4 of the Dungeon)
 E - a +3 leather armour of fire resistance
   (You found it in a volcano)
 J - a +0 troll leather armour (worn)
   (You found it on level 12 of the Dungeon)
Magical Staves
 a - an uncursed staff of death (weapon)
   (You found it on level 5 of the Lair of Beasts)
 K - an uncursed staff of wizardry
   (You found it on level 6 of the Lair of Beasts)
Jewellery
 c - an uncursed ring of flight
   (You found it on level 10 of the Dungeon)
 r - an amulet of the gourmand (around neck)
   (You found it on level 2 of the Dungeon)
 z - a ring of see invisible (left hand)
   (You found it on level 8 of the Dungeon)
 D - an uncursed ring of resist corrosion
   (You found it on level 4 of the Dungeon)
 Q - a ring of magical power (right hand)
   (You found it on level 9 of the Dungeon)
Wands
 v - a wand of digging (3/24)
   (You found it on level 2 of the Lair of Beasts)
 L - a wand of scattershot (3/9)
   (You found it on level 3 of the Lair of Beasts)
 Y - a wand of confusion (9/48)
   (You found it on level 6 of the Lair of Beasts)
Scrolls
 g - 8 scrolls of teleportation {@r4}
 k - 6 scrolls of enchant armour
 o - 4 scrolls of identify {@r1}
 t - a scroll of recharging
 T - 3 scrolls of amnesia
 W - 2 scrolls of magic mapping
 X - 11 scrolls of remove curse {@r2}
Potions
 j - a potion of haste {@q3}
 l - 2 potions of berserk rage
 u - 2 potions of agility
 x - 2 potions of flight
 y - a potion of mutation {unknown}
 A - 4 potions of curing {@q1}
 C - 4 potions of might
 G - 3 potions of resistance
 H - 2 potions of brilliance
 N - a potion of magic {unknown}
 S - a potion of experience {unknown}
 U - a potion of degeneration {unknown}
 Z - a potion of lignification {unknown}
Books
 p - Kikubaaqudgha's Papyrus of Dark Secrets
   (Kikubaaqudgha gifted it to you on level 3 of the Lair of Beasts)

   Spells                             Type                      Level
   a - Bolt of Draining               Conjuration/Necromancy       5
   b - Agony                          Necromancy                   5
   c - Cigotuvi's Embrace             Necromancy                   5
   d - Dispel Undead                  Necromancy                   5
   e - Death Channel                  Necromancy                   6
 I - a book of Debilitation
   (You found it on level 12 of the Dungeon)
 P - Kikubaaqudgha's Tome of Unholy Rites
   (Kikubaaqudgha gifted it to you on level 8 of the Dungeon)

   Spells                             Type                      Level
   a - Pain                           Necromancy                   1
   b - Corpse Rot                     Necromancy                   2
   c - Sublimation of Blood           Necromancy                   2
   d - Regeneration                   Charms/Necromancy            3
   e - Control Undead                 Necromancy                   4
 V - a book of Frost
   (You found it on level 10 of the Dungeon)
Comestibles
 i - 10 royal jellies
 m - 12 fruits
 q - 15 bread rations
 w - 11 meat rations


   Skills:
 - Level 8.8 Fighting
   Level 10.4 Short Blades
 - Level 8.0 Staves
 - Level 8.1 Throwing
 - Level 6.4 Armour
 - Level 4.2 Dodging
 - Level 8.9 Stealth
 - Level 6.6 Spellcasting
 * Level 6.3 Conjurations
 - Level 2.6 Charms
 - Level 11.4 Necromancy
 - Level 7.7 Evocations


You had 6 spell levels left.
You knew the following spells:

 Your Spells              Type           Power        Failure   Level  Hunger
a - Pain                  Necr           ####         1%          1    None
b - Agony                 Necr           ######..     4%          5    ######.
c - Dispel Undead         Necr           ######..     4%          5    ######.
d - Corpse Rot            Necr           N/A          1%          2    #......
e - Regeneration          Chrm/Necr      ####......   3%          3    ###....
f - Bolt of Draining      Conj/Necr      #####.....   13%         5    ######.


Dungeon Overview and Level Annotations

Branches:
Dungeon (14/15)            Temple (1/1) D:4            Lair (6/6) D:9
  Swamp (0/4) Lair:3        Snake (0/4) Lair:3        Slime (0/5) Lair:6
    Orc (2/2) D:12            Elf (0/3) Orc:2
 Vaults: D:13-14

Altars:
Ashenzari
Cheibriados
Dithmenos
Elyvilon
Fedhas
Gozag
Hepliaklqana
Kikubaaqudgha
Makhleb
Nemelex Xobeh
Okawaru
Qazlal
Ru
Sif Muna
Trog
Uskayaw
Vehumet
Xom
Yredelemnul
Zin
The Shining One
Beogh
Jiyva

Shops:
D:12 ?(   Orc:2 [(!}}

Annotations:
D:14 Raukatau's ghost, journeyman MiBe; ldierk's ghost, journeyman MiBe
Lair:5 exclusion: 2 oklob plants


Innate Abilities, Weirdness & Mutations

You have razor-sharp teeth.
You heal very quickly.
When hurt, damage is shared between your health and your magic reserves.
Your bite disrupts and absorbs the magic of your enemies.
Potions cannot restore your health.
You are immune to rotting.


Message History

The purple ugly thing engulfs you!
The brown ugly thing basks in the mutagenic energy from its kin and changes!
You hit the purple ugly thing. You bite the purple ugly thing!
You drain its power.
You feel invigorated.
The purple ugly thing engulfs you but does no damage.
You closely miss the purple ugly thing. You bite the purple ugly thing!
You drain its power.
You hit the purple ugly thing but do no damage.
The purple ugly thing writhes in agony!
You bite the purple ugly thing. You drain its power.
The purple ugly thing engulfs you.
You hit the purple ugly thing.
You kill the purple ugly thing!
Kikubaaqudgha accepts your kill.
You hit the brown ugly thing.
The brown ugly thing writhes in agony!
Your bite misses the brown ugly thing. The brown ugly thing punches you!
The acid corrodes you!
You are splashed with acid!
The acid burns!
You hit the brown ugly thing but do no damage.
The brown ugly thing writhes in agony!
You bite the brown ugly thing, but do no damage.
The brown ugly thing punches you but does no damage.
You hit the brown ugly thing but do no damage.
The brown ugly thing writhes in agony!
You bite the brown ugly thing, but do no damage.
The brown ugly thing punches you.
You are splashed with acid!
The acid burns!
You barely miss the brown ugly thing. You bite the brown ugly thing!
You drain its power.
You feel invigorated.
You hit the brown ugly thing but do no damage.
You kill the brown ugly thing!
Kikubaaqudgha accepts your kill.
You hit the white ugly thing but do no damage.
The white ugly thing writhes in agony!
You bite the white ugly thing, but do no damage.
The white ugly thing pecks you. The white ugly thing freezes you!!
You hit the white ugly thing but do no damage.
The white ugly thing pecks you. The white ugly thing freezes you!!
* * * LOW HITPOINT WARNING * * *
You are too injured to fight recklessly!
Unknown command.
Your skin is crawling a little less now.
You closely miss the white ugly thing. Your bite misses the white ugly thing.
The white ugly thing pecks you.
* * * LOW HITPOINT WARNING * * *
The white ugly thing freezes you!!
* * * LOW HITPOINT WARNING * * *
Okay, then.
The white ugly thing pecks you.
* * * LOW HITPOINT WARNING * * *
The white ugly thing freezes you!!
You die...
Kikubaaqudgha rasps: "You have failed me!
Welcome... death!"

..#<..# ####### ###.## .....#
.....# ##.>##### #######
##..##..###+######.##..##
.#.)....................#
(#..............@uu.....+
###.##.######..##..##.### ##+#
≈≈≈≈≈≈≈≈≈≈≈≈≈≈.##..###)####..#
#############≈...........#...#
#≈...........'...#
#≈..#######...#..#
#≈.##...###..#.(.#
#≈............(..# #≈
..............#


You could see 2 ugly things.

Vanquished Creatures
  An orc warlord (Orc:1)
  The ghost of Zrachosh the Fighter, a journeyman MiBe of Trog (Lair:6)
  An ettin (Orc:1)
  5 hydras
  Harold (Lair:3)
  5 centaur warriors
  3 catoblepae (Lair:6)
  16 death yaks
  6 two-headed ogres
  2 tengu warriors
  A hell hog (Volcano)
  A dancing weapon (D:12)
  An orc high priest (Orc:1)
  8 orc knights
  A deep elf mage (D:13)
  3 orc sorcerers
  4 ugly things
  3 manticores
  2 salamanders (Volcano)
  A cyclops (D:13)
  An elephant (D:9)
  6 black mambas
  Psyche (D:10)
  3 centaur skeletons
  A gargoyle (D:11)
  A rime drake (Lair:6)
  7 spiny frogs
  A yaktaur (D:13)
  8 komodo dragons
  3 trolls
  A hornet (D:8)
  Prince Ribbit (D:6)
  A tengu conjurer (D:13)
  2 polar bears
  13 blink frogs
  8 hippogriffs
  17 dream sheep
  A spriggan (shapeshifter) (D:13)
  3 wyverns
  A vampire (D:14)
  A fire bat (Volcano)
  2 basilisks
  A steam dragon (Lair:3)
  41 yaks
  2 hungry ghosts
  2 soldier ants
  3 vampire mosquitoes (D:14)
  4 wargs
  An acid dragon (D:13)
  2 hell hounds (Volcano)
  9 water moccasins
  6 porcupines
  An ice beast (D:13)
  3 sky beasts
  44 orc warriors
  9 ogres
  A phantom (D:7)
  16 centaurs
  13 wolves
  16 crocodiles
  A big kobold (D:12)
  14 bullfrogs
  A gnoll sergeant (D:10)
  A wyvern skeleton (D:12)
  5 scorpions
  23 killer bees
  A water moccasin skeleton (D:6)
  21 wights
  A howler monkey (D:4)
  5 crimson imps
  3 bullfrog zombies
  3 centaur zombies
  4 jellies
  5 hounds
  20 orc wizards
  2 bullfrog skeletons
  27 orc priests
  4 iguanas
  4 worker ants
  A hound zombie (D:7)
  A hound skeleton (D:6)
  A worker ant zombie (D:5)
  14 gnolls
  8 adders
  5 shadow imps
  An ooze (D:1)
  A worm (D:2)
  3 dart slugs
  5 leopard geckos
  83 orcs
  10 bats
  5 giant cockroaches
  7 goblins
  6 hobgoblins
  11 jackals
  16 kobolds
  2 quokkas
  7 frilled lizards
  A jackal skeleton (D:4)
  A leopard gecko skeleton (D:5)
  A quokka zombie (D:6)
  6 rats
664 creatures vanquished.

Vanquished Creatures (collateral kills)
  3 orc wizards (Orc:1)
3 creatures vanquished.

Vanquished Creatures (others)
  An orc wizard (D:12)
  A gnoll (D:10)
  19 fungi
  30 plants
  8 toadstools (Lair:2)
59 creatures vanquished.

Grand Total: 726 creatures vanquished

Notes
Turn   | Place    | Note
-------+----------+-------------------------------------------
     0 | D:1      | Lochraine the Vine Stalker Assassin began the quest for the Orb.
     0 | D:1      | Reached XP level 1. HP: 11/11 MP: 2/2
    30 | D:1      | Found a glowing golden altar of the Shining One.
   171 | D:1      | Reached skill level 5 in Stealth
   171 | D:1      | Reached XP level 2. HP: 14/15 MP: 3/3
   367 | D:1      | Reached XP level 3. HP: 18/18 MP: 4/4
  1249 | D:2      | Gained mutation: Your natural rate of healing is unusually fast. [Vine Stalker growth]
  1249 | D:2      | Reached XP level 4. HP: 18/23 MP: 5/5
  1871 | D:3      | Reached skill level 1 in Armour
  1970 | D:3      | Reached XP level 5. HP: 26/27 MP: 6/6
  2186 | D:4      | Found a sparkling altar of Nemelex Xobeh.
  2261 | D:4      | Reached XP level 6. HP: 22/32 MP: 4/7
  2519 | D:4      | Found a staircase to the Ecumenical Temple.
  2525 | Temple   | Entered the Ecumenical Temple
  2867 | D:4      | Found a bloodstained altar of Trog.
  2989 | D:4      | Reached XP level 7. HP: 36/36 MP: 8/8
  3194 | D:5      | Entered Level 5 of the Dungeon
  3224 | D:5      | Found a basalt altar of Yredelemnul.
  3224 | D:5      | Found a glowing silver altar of Zin.
  3457 | D:5      | Found a deep blue altar of Sif Muna.
  3662 | D:5      | Found a glowing golden altar of the Shining One.
  3673 | D:5      | Found a radiant altar of Vehumet.
  3819 | D:5      | Gained mutation: You have razor-sharp teeth. [Vine Stalker growth]
  3819 | D:5      | Reached XP level 8. HP: 40/40 MP: 9/9
  4058 | D:6      | Found a shadowy altar of Dithmenos.
  4151 | D:6      | Reached skill level 5 in Throwing
  4163 | D:6      | Noticed Prince Ribbit
  4210 | D:6      | Killed Prince Ribbit
  4210 | D:6      | Reached skill level 5 in Short Blades
  4852 | D:7      | Found an ancient bone altar of Kikubaaqudgha.
  4853 | D:7      | Found a shattered altar of Ashenzari.
  4857 | D:7      | Became a worshipper of Kikubaaqudgha
  4896 | D:7      | Reached XP level 9. HP: 32/45 MP: 8/10
  5207 | D:7      | Found a hide-covered altar of Uskayaw.
  5334 | D:7      | Reached skill level 1 in Necromancy
  5479 | D:8      | Noticed a hornet
  5491 | D:8      | Paralysed by a hornet for 1 turns
  5494 | D:8      | Killed a hornet
  5494 | D:8      | Reached skill level 5 in Armour
  5889 | D:8      | Reached skill level 2 in Necromancy
  6134 | D:8      | Reached * piety under Kikubaaqudgha
  6134 | D:8      | Identified Kikubaaqudgha's Tome of Unholy Rites (Kikubaaqudgha gifted it to you on level 8 of the Dungeon)
  6134 | D:8      | Received a gift from Kikubaaqudgha
  6153 | D:8      | Learned a level 2 spell: Corpse Rot
  6382 | D:9      | Reached XP level 10. HP: 32/51 MP: 11/11
  6423 | D:9      | Noticed an elephant
  6424 | D:9      | Found a staircase to the Lair.
  6424 | D:9      | Noticed a death yak
  6458 | D:9      | Killed an elephant
  6458 | D:9      | Reached skill level 5 in Fighting
  6512 | D:9      | Killed a death yak
  6512 | D:9      | Reached skill level 3 in Necromancy
  6710 | D:9      | Noticed a two-headed ogre
  6769 | D:9      | Killed a two-headed ogre
  6979 | D:9      | Reached skill level 1 in Dodging
  7174 | D:8      | HP: 2/52 [killer bee (4)]
  7336 | D:9      | Noticed a tengu warrior
  7391 | D:9      | Reached ** piety under Kikubaaqudgha
  7521 | D:9      | Learned a level 3 spell: Regeneration
  7620 | D:9      | Killed a tengu warrior
  7620 | D:9      | Reached skill level 1 in Spellcasting
  7620 | D:9      | Reached skill level 4 in Necromancy
  7620 | D:9      | Reached XP level 11. HP: 15/56 MP: 4/13
  7785 | Lair:1   | Entered Level 1 of the Lair of Beasts
  8996 | Lair:2   | Found a snail-covered altar of Cheibriados.
  9108 | Lair:2   | Reached skill level 1 in Charms
  9325 | Lair:2   | You fall through a shaft!
  9325 | Lair:3   | Found a staircase to the Swamp.
  9657 | Lair:3   | Noticed Harold
  9669 | Lair:3   | Killed Harold
  9669 | Lair:3   | Reached skill level 5 in Necromancy
  9771 | Lair:3   | Noticed a four-headed hydra
 10161 | Lair:3   | Gained mutation: You heal very quickly. [Vine Stalker growth]
 10161 | Lair:3   | Reached XP level 12. HP: 62/62 MP: 16/16
 10246 | Lair:3   | Found a staircase to the Snake Pit.
 10368 | Lair:3   | Reached *** piety under Kikubaaqudgha
 10368 | Lair:3   | Identified Kikubaaqudgha's Papyrus of Dark Secrets (Kikubaaqudgha gifted it to you on level 3 of the Lair of Beasts)
 10368 | Lair:3   | Received a gift from Kikubaaqudgha
 10493 | Lair:3   | Noticed a death yak
 10499 | Lair:3   | Noticed a death yak
 10591 | Lair:3   | Noticed a death yak
 10613 | Lair:3   | Noticed a death yak
 10626 | Lair:3   | Killed a death yak
 10626 | Lair:3   | Reached skill level 1 in Evocations
 10669 | Lair:3   | Killed a death yak
 10704 | Lair:3   | Killed a death yak
 10704 | Lair:3   | Reached skill level 10 in Short Blades
 10715 | Lair:3   | Killed a death yak
 10863 | Lair:2   | Killed a four-headed hydra
 10863 | Lair:2   | Reached skill level 6 in Necromancy
 11700 | Lair:4   | Noticed an eight-headed hydra
 11712 | Lair:4   | Killed an eight-headed hydra
 11816 | Lair:4   | Reached skill level 7 in Necromancy
 11925 | Lair:4   | Reached XP level 13. HP: 66/67 MP: 17/17
 12252 | Lair:5   | Reached **** piety under Kikubaaqudgha
 12252 | Lair:5   | Reached skill level 5 in Evocations
 12470 | Lair:5   | Reached skill level 1 in Staves
 12651 | Lair:5   | Found a dark tunnel.
 12656 | Volcano  | Entered a volcano
 12889 | Volcano  | Reached skill level 8 in Necromancy
 13290 | Lair:5   | Learned a level 5 spell: Agony
 13468 | Lair:6   | Entered Level 6 of the Lair of Beasts
 13978 | Lair:6   | Found a viscous altar of Jiyva.
 13978 | Lair:6   | Found a staircase to the Slime Pits.
 14049 | Lair:6   | Noticed Zrachosh's ghost (journeyman MiBe)
 14259 | Lair:6   | Reached skill level 9 in Necromancy
 14928 | Lair:6   | Reached skill level 5 in Staves
 14977 | Lair:6   | Reached ***** piety under Kikubaaqudgha
 14997 | Lair:6   | Reached XP level 14. HP: 53/72 MP: 21/21
 15132 | Lair:6   | Learned a level 5 spell: Dispel Undead
 15464 | Lair:6   | Killed Zrachosh's ghost
 15500 | Lair:5   | Reached skill level 10 in Necromancy
 15752 | Lair:6   | Reached skill level 5 in Spellcasting
 16353 | D:10     | Entered Level 10 of the Dungeon
 16505 | D:10     | Noticed Psyche
 16519 | D:10     | Killed Psyche
 16770 | D:10     | Found a sacrificial altar of Ru.
 17755 | D:12     | Found a staircase to the Orcish Mines.
 17860 | D:12     | Found Bucw's Magic Scroll Shop.
 17896 | D:12     | Bought a scroll of teleportation for 42 gold pieces
 17896 | D:12     | Bought a scroll of identify for 28 gold pieces
 17896 | D:12     | Bought a scroll of identify for 28 gold pieces
 17896 | D:12     | Bought a scroll of identify for 28 gold pieces
 17896 | D:12     | Bought a scroll of identify for 28 gold pieces
 17896 | D:12     | Bought a scroll of teleportation for 42 gold pieces
 18082 | D:12     | Found a roughly hewn altar of Beogh.
 18258 | D:12     | Found Onnie's Antique Weapon Boutique.
 18752 | D:13     | Reached ****** piety under Kikubaaqudgha
 19164 | D:13     | Reached skill level 11 in Necromancy
 19333 | Orc:1    | Entered Level 1 of the Orcish Mines
 19391 | Orc:1    | Reached XP level 15. HP: 78/78 MP: 25/25
 19478 | Orc:1    | HP: 3/78 [ettin/dire flail (12)]
 19955 | Orc:1    | Noticed an orc warlord
 19998 | Orc:1    | Killed an orc warlord
 20141 | Orc:1    | Found a roughly hewn altar of Beogh.
 20350 | Orc:1    | Learned a level 1 spell: Pain
 20633 | Orc:2    | Entered Level 2 of the Orcish Mines
 20633 | Orc:2    | Found a staircase to the Elven Halls.
 20666 | Orc:2    | Found Saimm's Gadget Shop.
 21162 | Orc:2    | Learned a level 5 spell: Bolt of Draining
 21204 | Orc:2    | Reached skill level 1 in Conjurations
 21683 | Orc:2    | Found Kenauw's Distillery.
 21683 | Orc:2    | Found Gushe's Weapon Shoppe.
 21685 | Orc:2    | Found Suriam's Antique Armour Emporium.
 21687 | Orc:2    | Found Vilimp's Gadget Shop.
 22358 | D:13     | Reached skill level 5 in Conjurations
 22605 | D:14     | Noticed Raukatau's ghost (journeyman MiBe)
 22840 | D:14     | Noticed ldierk's ghost (journeyman MiBe)
 23039 | D:14     | HP: 3/78 [white ugly thing (21)]
 23042 | D:14     | Demolished by a white ugly thing

Skill      XL: |  1  2  3  4  5  6  7  8  9 10 11 12 13 14 15 |
---------------+----------------------------------------------+-----
Throwing       | 2 3 4 5 7 8 |  8.1
Stealth        | 5 6 8 |  8.9
Fighting       | 2 3 4 5 6 7 8 |  8.8
Short Blades   | 2 3 4 5 6 8 9 10 | 10.4
Armour         | 1 2 3 4 5 6 |  6.4
Necromancy     | 2 4 5 7 9 11 | 11.4
Dodging        | 1 3 4 |  4.2
Spellcasting   | 1 2 4 6 |  6.6
Charms         | 2 |  2.6
Evocations     | 4 6 7 |  7.7
Staves         | 5 7 8 |  8.0
Conjurations   | 6 |  6.3

Action                   |  1- 3 |  4- 6 |  7- 9 | 10-12 | 13-15 || total
-------------------------+-------+-------+-------+-------+-------++-------
Melee: Dagger            |    80 |   129 |   427 |   916 |    48 ||  1600
       Bite              |    16 |    39 |   150 |   393 |   609 ||  1207
       Falchion          |       |       |       |    32 |     7 ||    39
       Staff             |       |       |       |       |  1404 ||  1404
       Lajatang          |       |       |       |       |    37 ||    37
 Fire: Blowgun           |    13 |    54 |    39 |    40 |    37 ||   183
Throw: Tomahawk          |       |       |     1 |     3 |       ||     4
       Throwing net      |       |       |       |       |     3 ||     3
 Cast: Corpse Rot        |       |       |       |     5 |     9 ||    14
       Regeneration      |       |       |       |       |    24 ||    24
       Agony             |       |       |       |       |    78 ||    78
       Dispel Undead     |       |       |       |       |    30 ||    30
       Pain              |       |       |       |       |    25 ||    25
Invok: Receive Corpses   |       |       |       |     2 |     3 ||     5
       Torment           |       |       |       |       |     1 ||     1
Evoke: Wand              |       |       |       |    16 |    28 ||    44
  Use: Scroll            |     1 |     2 |     7 |     9 |    21 ||    40
       Potion            |       |       |       |     1 |     4 ||     5
 Stab: Sleeping          |    10 |     2 |     9 |     4 |     8 ||    33
       Distracted        |       |       |     2 |     2 |     4 ||     8
       Held in net/web   |       |       |       |       |     3 ||     3
       Petrified         |       |       |       |       |     8 ||     8
       Confused          |       |       |       |       |     1 ||     1
  Eat: Chunk             |     1 |     6 |    37 |    19 |    77 ||   140
Armor: Robe              |     7 |       |       |       |       ||     7
       Leather armour    |    17 |    34 |    81 |   157 |   416 ||   705
       Chain mail        |     5 |       |    22 |       |       ||    27
       Plate armour      |       |       |    66 |       |       ||    66
       Steam dragon scal |       |       |       |    48 |       ||    48
       Ring mail         |       |       |       |    10 |    17 ||    27
       Troll leather arm |       |       |       |       |    42 ||    42
Dodge: Dodged            |    40 |    66 |   129 |   389 |   907 ||  1531
       Rpst.: Falchion   |       |       |       |     8 |     1 ||     9
